 Dungeon Crawl Stone Soup version 0.26.0-18-gc5c842f807 (webtiles) character file.

Game seed: 7850079986224826451

424 thiole the Sneak (level 6, -1/36 HPs)
             Began as an Octopode Hedge Wizard on Jan 24, 2021.
             Slain by a phantom (8 damage)
             ... on level 3 of the Dungeon.
             The game lasted 00:12:43 (4671 turns).

thiole the Sneak (Octopode Hedge Wizard)            Turns: 4671, Time: 00:12:43

Health: -1/36      AC:  1    Str:  9 (10) XL:     6   Next: 96%
Magic:  6/11       EV: 13    Int: 17 (18) God:
Gold:   101        SH:  0    Dex: 11      Spells: 4/12 levels left

rFire    . . .     SeeInvis .   m - +4 short sword (holy)
rCold    . . .     Faith    .   (no shield)
rNeg     . . .     Spirit   .   b - +0 hat
rPois    .         Reflect  .   (no amulet)
rElec    .         Harm     .   (no ring)
rCorr    .         Rampage  .   (no ring)
Will     .....                  (no ring)
Stlth    ++++......             (no ring)
HPRegen  0.12/turn              (no ring)
MPRegen  0.12/turn              (no ring)
                                (no ring)
                                (no ring)

@: hasted, very quick
A: almost no armour, stealthy swim, amphibious, 8 rings, constrict 8, camouflage
1, gelatinous body 1
a: no special abilities


You were on level 3 of the Dungeon.
You visited 1 branch of the dungeon, and saw 4 of its levels.
You also visited: Sewer.

You collected 101 gold pieces.

Inventory:

Hand Weapons
 a - a +0 dagger
 e - a +1 short sword of speed
 m - a +4 short sword of holy wrath (weapon)
 r - a +2 short sword of venom
Armour
 b - a +0 hat (worn)
 g - a +0 buckler
Wands
 t - a wand of random effects (17)
Scrolls
 c - 3 scrolls of remove curse
 h - 5 scrolls of teleportation {unknown}
 i - a scroll of enchant armour {unknown}
 k - a scroll of noise {unknown}
 p - a scroll of random uselessness {unknown}
 q - 2 scrolls of blinking {unknown}
 v - 2 scrolls of enchant weapon {unknown}
 w - 2 scrolls of identify
 y - a scroll of amnesia {unknown}
Potions
 d - 6 potions of degeneration
 f - 2 potions of haste
 j - a potion of might
 l - a potion of attraction
 n - 2 potions of brilliance
 s - a potion of flight
 u - a potion of curing {unknown}
 x - 3 potions of invisibility {unknown}


   Skills:
 - Level 2.0 Dodging
 + Level 4.8 Stealth
 + Level 1.0 Shields
 + Level 3.9 Spellcasting
 * Level 3.9 Conjurations
 - Level 2.0 Summonings
 - Level 1.0 Translocations
 * Level 3.0 Air Magic


You had 4 spell levels left.
You knew the following spells:

 Your Spells              Type           Power        Failure   Level
a - Magic Dart            Conj           64%          3%          1
b - Call Imp              Summ           10%          11%         2
c - Slow                  Hex            3%           24%         2
d - Mephitic Cloud        Conj/Pois/Air  11%          19%         3

Your spell library contained the following spells:

 Spells                   Type           Power        Failure   Level
 Blink                    Tloc           N/A          16%         2
 Conjure Flame            Conj/Fire      10%          22%         3


Dungeon Overview and Level Annotations

Branches:
Dungeon (4/15)              Sewer (visited)
 Temple: D:4-7

Altars:

Annotations:
D:2 1 runed translucent door, Crazy Yiuf


Innate Abilities, Weirdness & Mutations

You cannot wear most types of armour.
You are very stealthy in the water. (Stealth+)
You are amphibious.
You can wear up to eight rings at the same time.
You can use your tentacles to constrict eight enemies at once.
Your skin changes colour to match your surroundings (Stealth+).
Your rubbery body absorbs attacks. (AC +1, EV +1)


Message History

Something bites your crimson imp.
The phantom blinks!
Your crimson imp hits the scorpion.
The orc priest looks braver for a moment.
There is a stone staircase leading up here.
The phantom hits you!
You climb upwards.
There is a stone staircase leading down here.
A phantom is nearby!
Unknown command.
You feel yourself speed up. The phantom hits you!
* * * LOW HITPOINT WARNING * * *
Aiming: Random Effects
Press: ? - help, Shift-Dir - straight line, f - phantom
Aim: a phantom The phantom is unaffected.
Aiming: Random Effects
Press: ? - help, Shift-Dir - straight line, f/p - phantom
Aim: a phantom The phantom easily resists.
The phantom hits you!
You die...

..####### #.# #.#
#..#### ........# #.#
#.# #.(.... <.###.#.#
#.# #.# ##.###.
..###.#.######.# #.# #.#
#.
...##.#........#######.#
#.# #.
......)†††.............#
#.###.
.#..##########..######.#
#...#. <#..# #..######.#
###.#. .#..# #..@W.....#
#.#. .#..# ##.######.#
#.#. .[..# #.# #.# ##.#.
...##### #.# #.# ##....
.......# #.#
###.#####..... ...###.#
#.# #............) ...#
#.# #.####.#...........
#### #.#
#..†...###)###)#### #
#.# ######## #.# #.#


You could see a phantom.

Vanquished Creatures
  A scorpion (D:4)
  Terence (D:2)
  Ijyb (D:3)
  3 adders
  An ooze (D:1)
  4 worms
  2 dart slugs (D:1)
  2 leopard geckos (D:2)
  3 orcs (D:3)
  13 bats
  3 giant cockroaches (D:1)
  4 goblins
  4 hobgoblins (D:3)
  8 jackals
  13 kobolds
  2 quokkas
  3 ball pythons
  5 frilled lizards
  7 rats
80 creatures vanquished.

Vanquished Creatures (collateral kills)
  Purgy (Sewer)
  A howler monkey (D:4)
  2 orc priests (D:3)
  2 orc wizards (D:3)
  A worker ant (D:4)
  5 adders
  2 worms
  A leopard gecko (D:3)
  An orc (D:3)
  A goblin (D:2)
  6 jackals
  A bat (D:2)
  A frilled lizard (D:2)
25 creatures vanquished.

Grand Total: 105 creatures vanquished

Notes
Turn   | Place    | Note
-------+----------+-------------------------------------------
     0 | D:1      | thiole the Octopode Hedge Wizard began the quest for the
                  | Orb.
     0 | D:1      | Reached XP level 1. HP: 11/11 MP: 4/4
   248 | D:1      | Reached XP level 2. HP: 16/17 MP: 0/6
   407 | D:1      | Reached skill level 3 in Stealth
   599 | D:1      | Reached XP level 3. HP: 21/21 MP: 3/7
  1016 | D:2      | Noticed Terence
  1120 | D:1      | Learned a level 2 spell: Call Imp
  1123 | D:1      | Learned a level 2 spell: Slow
  1127 | D:1      | Learned a level 3 spell: Mephitic Cloud
  1393 | D:2      | Reached XP level 4. HP: 27/27 MP: 1/8
  1811 | D:2      | Found a runed translucent door.
  1812 | D:2      | Noticed Crazy Yiuf
  1899 | D:2      | Reached skill level 1 in Air Magic
  1925 | D:2      | Killed Terence
  2366 | D:2      | You fall into a shaft and drop 2 floors!
  2390 | D:4      | Reached skill level 4 in Stealth
  2390 | D:4      | Reached XP level 5. HP: 19/31 MP: 10/10
  2392 | D:4      | Found a glowing drain.
  2404 | Sewer    | Entered a sewer
  2508 | Sewer    | Noticed Purgy
  2719 | Sewer    | Killed Purgy
  2778 | D:4      | Reached XP level 6. HP: 29/36 MP: 4/11
  2780 | D:4      | Noticed a phantom
  3233 | D:3      | Noticed Ijyb
  3247 | D:3      | Killed Ijyb
  4647 | D:4      | Reached skill level 1 in Shields
  4671 | D:3      | Slain by a phantom

Illustrated notes

Levels and vault maps discovered:
D:1:      ebering_hopf_link, layout_basic, minmay_liquid_box
D:2:      layout_loops_cross, uniq_sigmund, uniq_crazy_yiuf_cottage,
          uniq_terence
D:3:      layout_loops_ring, uniq_ijyb
D:4:      layout_rooms, lemuel_zombie_altar_yredelemnul,
          cheibrodos_sewer_entry_drain, grunt_decor_fettered,
          minmay_misc_feat_doors, grunt_decor_junction

Skill      XL: |  1  2  3  4  5  6 |
---------------+-------------------+-----
Stealth        | 3 4 |  4.8
Conjurations   | 2 3 |  3.9
Summonings     | 2 |  2.0
Air Magic      | 1 2 3 |  3.0
Shields        | 1 |  1.0
Dodging        | |  2.0
Spellcasting   | |  3.9
Translocations | |  1.0

Action                   |  1- 3 |  4- 6 || total
-------------------------+-------+-------++-------
Melee: Short sword       |    23 |    82 ||   105
       Constrict         |     9 |     9 ||    18
       Dagger            |     3 |       ||     3
       Tentacles         |     3 |     8 ||    11
 Cast: Magic Dart        |    68 |    93 ||   161
       Call Imp          |     7 |    36 ||    43
Evoke: Wand              |       |     2 ||     2
  Use: Potion            |       |     5 ||     5
       Scroll            |       |     7 ||     7
 Stab: Sleeping          |       |    10 ||    10
       Distracted        |       |     1 ||     1
Armor: Skin              |     3 |    13 ||    16
Dodge: Dodged            |    31 |    40 ||    71
